[Event "Fagernes Chess GM-Swiss 2024"]
[Site "Fagernes"]
[Date "2024.03.24"]
[Round "1.31"]
[White "Evenshaug, Amadeus Hestvik"]
[Black "Narva, Mai"]
[Result "0-1"]
[ECO "B75"]
[WhiteElo "2035"]
[BlackElo "2399"]
[Annotator "TA"]
[PlyCount "60"]
[EventDate "2024.03.25"]
[EventType "swiss"]
[EventCountry "NOR"]
[SourceTitle "playchess.com"]
[Source "ChessBase"]
[SourceQuality "1"]
[TimeControl "40/6000+30:2400+30"]

1. e4 c5 2. Nf3 d6 3. d4 cxd4 4. Nxd4 Nf6 5. Nc3 g6 6. Be3 Bg7 7. f3 a6 8. Qd2 h5 9. O-O-O b5 10. Kb1 Bb7 {[%emt 0:00:22] Against Nd5. White is slightly better.} 11. Bd3 {[%emt 0:05:56][%cal Oe4e5] next e5! is good for White.} Nbd7 12. h3 Rb8 13. Rhe1 b4 14. Nce2 O-O 15. g4 (15. Qxb4 Bxe4 16. Qd2 Bxd3 17. cxd3 Nd5 $15) 15... Ne5 16. gxh5 (16. Qxb4 $2 Bxe4 17. Qa3 Nd5 $19 (17... Bxf3 $2 18. Nxf3 Nxf3 19. Rf1 $19) (17... Bxf3 $2 18. Nxf3 Nxf3 19. Rf1 $19)) (16. Bh6 $16) 16... Nxh5 $11 17. f4 (17. Rg1 $14) 17... Nxd3 $15 18. Qxd3 {[%emt 0:01:47] [#]} (18. cxd3 $15 e5 19. Nf3) 18... e5 $1 $17 19. Nf3 exf4 ({Black should try} 19... Rc8 $17 {White must now prevent ...exf4.} 20. fxe5 dxe5) 20. Bc1 {[%emt 0:15:03] Loses the game.} (20. Nxf4 $15 Qf6 21. e5 dxe5 22. Nxh5 Qxf3 (22... gxh5 23. Ng5 $15) 23. Nxg7) 20... Qf6 21. Qxd6 (21. h4 $142) 21... Bxe4 $19 22. Qxf6 Bxf6 (22... Nxf6 23. Ng5 $17) 23. Nfd4 {[%emt 0:04:46] White is weak on the light squares} Rfe8 ({Weaker is} 23... g5 24. Nxf4 Nxf4 25. Bxf4 Bxc2+ (25... gxf4 26. Rxe4 Rfd8 27. Rg1+ Kh7 28. Rxf4 $16) 26. Kxc2 $11) 24. Rf1 Bg2 {[%emt 0:13:43] This pair of bishops is nice.} 25. Rf2 f3 ({Less strong is} 25... Bxh3 26. Nxf4 Nxf4 27. Rxf4 $19) 26. Ng1 Bh4 27. Rxf3 Bxf3 28. Ngxf3 Bf6 29. Nc6 Rb6 30. Rd6 {[%emt 0:00:46] [#]} (30. Na5) 30... Kg7 {[%emt 0:01:13] Weighted Error Value: White=0.48/Black=0.16 (very precise) .  Mistake:       	White=6     	Black=1      Inaccurate:     	White=1     	Black=2      OK:         	White=7     	Black=10     Best:        	White=1     	Black=1      Strong:       	---       	Black=1} 0-1

[Event "Fagernes Chess GM-Swiss 2024"]
[Site "Fagernes"]
[Date "2024.03.24"]
[Round "1.32"]
[White "Sidhant, Mohapatra"]
[Black "Shivika Rohilla"]
[Result "1/2-1/2"]
[ECO "A46"]
[WhiteElo "2379"]
[BlackElo "2003"]
[Annotator "RC"]
[PlyCount "70"]
[EventDate "2024.03.25"]
[EventType "swiss"]
[EventCountry "NOR"]
[SourceTitle "playchess.com"]
[Source "ChessBase"]
[SourceQuality "1"]
[TimeControl "40/6000+30:2400+30"]

1. Nf3 Nf6 2. d4 e6 3. Bf4 d5 4. e3 Bd6 5. Nbd2 c5 6. Bb5+ Nc6 7. Bg3 O-O 8. c3 Ne7 9. Bd3 Qc7 10. Qe2 Re8 11. Ne5 Nf5 12. f4 Bf8 13. Qf3 c4 14. Bc2 b5 15. Bf2 Bb7 16. g4 Nd6 17. g5 Nfe4 18. Nxe4 dxe4 19. Qe2 Bd5 20. O-O Reb8 21. Be1 Nf5 22. a3 a5 23. Bd2 Ra6 24. Qg2 Qb7 25. h4 Rb6 26. h5 Be7 27. Kh2 b4 28. Bc1 Bf8 29. Kh3 Bd6 30. Ng4 Be7 31. Rg1 Kh8 32. Ne5 Bd6 33. Ng4 Be7 34. Ne5 Bd6 35. Ng4 Be7 1/2-1/2

[Event "Fagernes Chess GM-Swiss 2024"]
[Site "Fagernes"]
[Date "2024.03.24"]
[Round "1.33"]
[White "Anishka Vikram"]
[Black "Audi Ameya"]
[Result "1/2-1/2"]
[ECO "A41"]
[WhiteElo "1995"]
[BlackElo "2378"]
[Annotator "RC"]
[PlyCount "183"]
[EventDate "2024.03.25"]
[EventType "swiss"]
[EventCountry "NOR"]
[SourceTitle "playchess.com"]
[Source "ChessBase"]
[SourceQuality "1"]
[TimeControl "40/6000+30:2400+30"]

1. d4 d6 2. c4 e5 3. Nc3 exd4 4. Qxd4 Nc6 5. Qd1 g6 6. Nf3 Bg7 7. e3 Bxc3+ 8. bxc3 Nf6 9. Be2 O-O 10. O-O Be6 11. Nd4 Na5 12. Qa4 b6 13. Bd3 Qd7 14. Qb5 Qxb5 15. cxb5 Bc4 16. Rd1 a6 17. bxa6 Bxd3 18. Rxd3 Rxa6 19. Nb5 Rc8 20. Bd2 Nb3 21. Rd1 Rxa2 22. Be1 d5 23. f3 c6 24. Nd6 Rd8 25. Ne4 Nxe4 26. fxe4 Nc5 27. Rd4 Re8 28. exd5 cxd5 29. Rxd5 Rxe3 30. Bd2 Re8 31. Bh6 f5 32. Rd8 Kf7 33. Rxe8 Kxe8 34. Be3 Rc2 35. Bd4 h5 36. h4 Kf7 37. Rb1 Nd7 38. Rb3 Ke6 39. Bxb6 Ne5 40. Bd4 Ng4 41. g3 Kd5 42. Rb1 Ke4 43. Rf1 Rd2 44. Rf4+ Kd3 45. Rf3+ Ke2 46. Kg2 Rd1 47. Bb6 Rc1 48. Bd4 Rc2 49. Ba7 Ra2 50. Bd4 Ra4 51. Bb6 Re4 52. Bd4 Re8 53. Rf4 Re4 54. Rf3 Ke1 55. Rf1+ Kd2 56. Ra1 Re2+ 57. Kg1 Kd3 58. Ra6 Rc2 59. Re6 Ra2 60. Re7 Nh2 61. Re3+ Kc4 62. Re6 Kd5 63. Re3 Rd2 64. Re5+ Kd6 65. Re3 Kd7 66. Bc5 Ng4 67. Re7+ Kc6 68. Bd4 Kd5 69. Re8 Ra2 70. Re7 Nh2 71. Re5+ Kd6 72. Re3 Rd2 73. Be5+ Kd5 74. Bd4 Kc4 75. Re6 Ng4 76. Re7 Kd3 77. Re6 Ra2 78. Re7 Ra6 79. Kg2 Ra2+ 80. Kg1 Nh2 81. Re3+ Kc4 82. Re6 Nf3+ 83. Kf1 Nd2+ 84. Kg1 Ne4 85. Rxg6 Kd3 86. Rg7 Ke2 87. Kg2 Nd2 88. Re7+ Kd3 89. Rg7 Ke4 90. Re7+ Kd3 91. Rg7 Ke4 92. Re7+ 1/2-1/2

[Event "Fagernes Chess GM-Swiss 2024"]
[Site "Fagernes"]
[Date "2024.03.24"]
[Round "1.34"]
[White "Panda Sambit"]
[Black "Joel Paul Ganta"]
[Result "1-0"]
[ECO "E94"]
[WhiteElo "2377"]
[BlackElo "1993"]
[Annotator "RC"]
[PlyCount "69"]
[EventDate "2024.03.25"]
[EventType "swiss"]
[EventCountry "NOR"]
[SourceTitle "playchess.com"]
[Source "ChessBase"]
[SourceQuality "1"]
[TimeControl "40/6000+30:2400+30"]

1. d4 Nf6 2. c4 g6 3. Nc3 Bg7 4. e4 d6 5. Be2 O-O 6. Nf3 e5 7. O-O exd4 8. Nxd4 Re8 9. f3 c6 10. Nc2 Na6 11. Kh1 Nc7 12. Bg5 d5 13. cxd5 cxd5 14. Qe1 h6 15. Bh4 g5 16. Bg3 Nh5 17. Rd1 Qe7 18. Ne3 Nxg3+ 19. Qxg3 Bxc3 20. bxc3 Qc5 21. Nxd5 Nxd5 22. Rxd5 Qxc3 23. Bb5 Be6 24. Rd3 Qc2 25. f4 Bc4 26. Rc3 Qxc3 27. Qxc3 Bxb5 28. fxg5 Re6 29. Rf6 Rxf6 30. gxf6 Kh7 31. Qb3 Kg6 32. Qxb5 Kxf6 33. Qxb7 Re8 34. Qxa7 Rxe4 35. h3 1-0

[Event "Fagernes Chess GM-Swiss 2024"]
[Site "Fagernes"]
[Date "2024.03.24"]
[Round "1.35"]
[White "Sachi Jain"]
[Black "Mihajlov, Sebastian"]
[Result "0-1"]
[ECO "C00"]
[WhiteElo "1992"]
[BlackElo "2373"]
[Annotator "RC"]
[PlyCount "78"]
[EventDate "2024.03.25"]
[EventType "swiss"]
[EventCountry "NOR"]
[SourceTitle "playchess.com"]
[Source "ChessBase"]
[SourceQuality "1"]
[TimeControl "40/6000+30:2400+30"]

1. e4 e6 2. d3 d5 3. Nd2 Nf6 4. g3 dxe4 5. dxe4 Nc6 6. Bg2 Bc5 7. Ngf3 e5 8. O-O O-O 9. c3 a5 10. Qe2 b6 11. Nc4 Ba6 12. b3 h6 13. Rd1 Qe7 14. Qc2 Bxc4 15. bxc4 Rfd8 16. Nh4 Qe6 17. Rd5 Ne7 18. Nf5 Nfxd5 19. cxd5 Qg6 20. Be3 Nxf5 21. exf5 Qd6 22. Qe4 Bxe3 23. Qxe3 a4 24. Re1 Ra5 25. h4 a3 26. g4 Ra4 27. Be4 Rc4 28. g5 Qc5 29. Qe2 Rxc3 30. f6 g6 31. Bxg6 fxg6 32. Qxe5 Rf3 33. Qe6+ Kh8 34. Re2 Qxd5 35. Qe7 Rg8 36. gxh6 Rf4 37. Re3 Rxh4 38. Kf1 Rh1+ 39. Ke2 Qd1# 0-1

[Event "Fagernes Chess GM-Swiss 2024"]
[Site "Fagernes"]
[Date "2024.03.24"]
[Round "1.36"]
[White "Yaniv, Yuval"]
[Black "Thangavel, Gokul"]
[Result "1/2-1/2"]
[ECO "B12"]
[WhiteElo "2368"]
[BlackElo "1990"]
[Annotator "RC"]
[PlyCount "91"]
[EventDate "2024.03.25"]
[EventType "swiss"]
[EventCountry "NOR"]
[SourceTitle "playchess.com"]
[Source "ChessBase"]
[SourceQuality "1"]
[TimeControl "40/6000+30:2400+30"]

1. e4 c6 2. d4 d5 3. e5 c5 4. c3 Nc6 5. Be2 cxd4 6. cxd4 Bf5 7. Nf3 e6 8. O-O Nge7 9. Nc3 h6 10. a3 Be4 11. Be3 Nc8 12. Nxe4 dxe4 13. Nd2 Nb6 14. Nxe4 Be7 15. Rc1 O-O 16. Qd2 Nd5 17. b4 Nxe3 18. fxe3 Rc8 19. Bd3 Qd5 20. Bb1 a5 21. Qd3 g6 22. Rc5 Qd8 23. Rb5 axb4 24. axb4 b6 25. Nd6 Bxd6 26. exd6 Qxd6 27. Rxb6 Rb8 28. Ra6 Qd5 29. Qd2 Nxb4 30. Ra7 Nc6 31. Ra3 Kg7 32. Rc3 Rb6 33. Rc5 Qd6 34. Qf2 f5 35. Rfc1 Rfb8 36. Bd3 Ne7 37. Bc4 Rb1 38. Qc2 Rxc1+ 39. Qxc1 Rb6 40. Re5 Rc6 41. Qf1 Qc7 42. Rxe6 Rxc4 43. Rxe7+ Qxe7 44. Qxc4 Qxe3+ 45. Kf1 Qf4+ 46. Kg1 1/2-1/2

[Event "Fagernes Chess GM-Swiss 2024"]
[Site "Fagernes"]
[Date "2024.03.24"]
[Round "1.37"]
[White "Kaewpitakkun, Pantham"]
[Black "Kenneskog, Theodor"]
[Result "0-1"]
[ECO "B90"]
[WhiteElo "1989"]
[BlackElo "2358"]
[Annotator "RC"]
[PlyCount "118"]
[EventDate "2024.03.25"]
[EventType "swiss"]
[EventCountry "NOR"]
[SourceTitle "playchess.com"]
[Source "ChessBase"]
[SourceQuality "1"]
[TimeControl "40/6000+30:2400+30"]

1. e4 c5 2. Nf3 d6 3. d4 cxd4 4. Nxd4 Nf6 5. Nc3 a6 6. Rg1 e5 7. Nb3 h5 8. Bg5 Be6 9. Qd2 Nbd7 10. O-O-O Be7 11. f4 b5 12. Kb1 b4 13. Nd5 Nxe4 14. Qxb4 Nxg5 15. Nxe7 Qxe7 16. fxg5 d5 17. Qxe7+ Kxe7 18. Be2 a5 19. a4 Nb6 20. Bb5 Rhc8 21. Rde1 f6 22. Rgf1 Nc4 23. h4 d4 24. Bxc4 Rxc4 25. Nd2 Rxa4 26. Ne4 Rf8 27. Rf2 Ba2+ 28. Kc1 Bd5 29. Ng3 Ra1+ 30. Kd2 Rxe1 31. Kxe1 g6 32. Re2 Kd6 33. c4 dxc3 34. bxc3 f5 35. Nf1 Rc8 36. Kd2 Bc4 37. Re1 Bxf1 38. Rxf1 Rc4 39. g3 Rg4 40. Rb1 Kc5 41. Re1 e4 42. Ra1 a4 43. Ke2 Kb5 44. c4+ Kb4 45. c5 Rxg3 46. Rc1 Rd3 47. c6 Rd8 48. Rb1+ Kc5 49. Ra1 Kb5 50. c7 Rc8 51. Rb1+ Kc5 52. Rc1+ Kd6 53. Ra1 Rxc7 54. Rxa4 Rc2+ 55. Ke3 Rc3+ 56. Kf2 Rh3 57. Ra6+ Ke5 58. Rxg6 Rxh4 59. Rh6 f4 0-1

[Event "Fagernes Chess GM-Swiss 2024"]
[Site "Fagernes"]
[Date "2024.03.24"]
[Round "1.38"]
[White "Moksh Amit Doshi"]
[Black "Gasland, Lukas Dominik"]
[Result "1-0"]
[ECO "A30"]
[WhiteElo "2353"]
[BlackElo "1985"]
[Annotator "RC"]
[PlyCount "53"]
[EventDate "2024.03.25"]
[EventType "swiss"]
[EventCountry "NOR"]
[SourceTitle "playchess.com"]
[Source "ChessBase"]
[SourceQuality "1"]
[TimeControl "40/6000+30:2400+30"]

1. c4 c5 2. g3 Nf6 3. Bg2 g6 4. Nc3 Bg7 5. e3 O-O 6. Nge2 Nc6 7. O-O d6 8. d4 cxd4 9. exd4 Bf5 10. h3 h5 11. b3 Qd7 12. Kh2 Rac8 13. Ba3 d5 14. cxd5 Na5 15. Qd2 b5 16. Nf4 Bh6 17. Rfe1 Rfe8 18. Ne4 Nxe4 19. Bxe4 Bxe4 20. Rxe4 Bxf4 21. Qxf4 Qxd5 22. Bxe7 Rc2 23. Re5 Qd7 24. Bf6 Nc6 25. Rxe8+ Qxe8 26. d5 Nd8 27. Bd4 1-0

[Event "Fagernes Chess GM-Swiss 2024"]
[Site "Fagernes"]
[Date "2024.03.24"]
[Round "1.39"]
[White "Makka, Ioulia"]
[Black "Nielsen, Viktor Haarmark"]
[Result "0-1"]
[ECO "C77"]
[WhiteElo "1983"]
[BlackElo "2351"]
[Annotator "RC"]
[PlyCount "110"]
[EventDate "2024.03.25"]
[EventType "swiss"]
[EventCountry "NOR"]
[SourceTitle "playchess.com"]
[Source "ChessBase"]
[SourceQuality "1"]
[TimeControl "40/6000+30:2400+30"]

1. e4 e5 2. Nf3 Nc6 3. Bb5 a6 4. Ba4 Nf6 5. d3 b5 6. Bb3 Bc5 7. a4 Rb8 8. axb5 axb5 9. O-O d6 10. h3 O-O 11. c3 h6 12. Re1 Re8 13. Be3 Bxe3 14. fxe3 Be6 15. Bxe6 Rxe6 16. Nbd2 d5 17. exd5 Qxd5 18. d4 e4 19. Nh2 Ne7 20. b3 Qg5 21. Ndf1 Nf5 22. Ra2 Nd5 23. Qd2 Rc6 24. Rc2 Nh4 25. Re2 Ra8 26. c4 bxc4 27. bxc4 Nb6 28. Qc1 Ra4 29. c5 Nd5 30. Ra2 Rxa2 31. Rxa2 Rg6 32. Qd2 h5 33. Kh1 Nf5 34. Ra3 Kh7 35. Qe2 Nh4 36. g3 Nf5 37. g4 Nf6 38. Ra6 hxg4 39. hxg4 Nh6 40. Rc6 Qh4 41. Ra6 Nhxg4 42. Ra2 Nd5 43. Rb2 Nc3 44. Qd2 Nd1 45. Qxd1 Nf2+ 46. Rxf2 Qxf2 47. Ng4 Qh4+ 48. Nfh2 Rg5 49. Qe2 f5 50. Ne5 Qg3 51. Qf1 Qxe3 52. Nc6 Qg3 53. Ne7 f4 54. d5 f3 55. d6 f2 0-1

[Event "Fagernes Chess GM-Swiss 2024"]
[Site "Fagernes"]
[Date "2024.03.24"]
[Round "1.40"]
[White "Carlsson, Ludvig"]
[Black "Okuno Okuno, Rion"]
[Result "1-0"]
[ECO "D38"]
[WhiteElo "2350"]
[BlackElo "1981"]
[Annotator "RC"]
[PlyCount "69"]
[EventDate "2024.03.25"]
[EventType "swiss"]
[EventCountry "NOR"]
[SourceTitle "playchess.com"]
[Source "ChessBase"]
[SourceQuality "1"]
[TimeControl "40/6000+30:2400+30"]

1. c4 Nf6 2. Nf3 e6 3. Nc3 d5 4. d4 Bb4 5. Bg5 O-O 6. e3 h6 7. Bh4 Nbd7 8. cxd5 exd5 9. Bd3 c6 10. O-O Re8 11. Qc2 Bd6 12. Rfe1 Be7 13. Bg3 Nb6 14. a4 a5 15. Nb5 Bb4 16. Nc7 Bxe1 17. Rxe1 Re7 18. Nxa8 Nxa8 19. Qc5 Be6 20. Bh4 Re8 21. Bxf6 gxf6 22. Bb1 f5 23. b3 Kg7 24. g3 Qb6 25. Qc2 Qb4 26. Rc1 b5 27. Nh4 Qa3 28. Rf1 bxa4 29. bxa4 Nb6 30. Qxc6 Rb8 31. Qc7 Qf8 32. Bxf5 Qd8 33. Qe5+ Kf8 34. Bxe6 fxe6 35. Qxe6 1-0

[Event "Fagernes Chess GM-Swiss 2024"]
[Site "Fagernes"]
[Date "2024.03.24"]
[Round "1.41"]
[White "Bech, Havard Eriksen"]
[Black "Elmi, Saad Abobaker"]
[Result "0-1"]
[ECO "D37"]
[WhiteElo "1951"]
[BlackElo "2344"]
[Annotator "RC"]
[PlyCount "60"]
[EventDate "2024.03.25"]
[EventType "swiss"]
[EventCountry "NOR"]
[SourceTitle "playchess.com"]
[Source "ChessBase"]
[SourceQuality "1"]
[TimeControl "40/6000+30:2400+30"]

1. d4 Nf6 2. c4 e6 3. Nf3 d5 4. Nc3 dxc4 5. e4 b5 6. e5 Nd5 7. Nxb5 Nb6 8. Be2 Nc6 9. O-O Be7 10. Be3 O-O 11. Qc1 Ba6 12. Nc3 Bb7 13. Rd1 Nb4 14. a3 N4d5 15. Nxd5 Qxd5 16. Bf1 a5 17. Nd2 Ba6 18. Qc2 a4 19. Rac1 Rfb8 20. Ne4 Qc6 21. Bg5 Bf8 22. Qe2 Nd5 23. Qg4 Kh8 24. Rd3 Rb3 25. Rxb3 axb3 26. Bd3 c3 27. Bxa6 Rxa6 28. Nxc3 Nxc3 29. Rxc3 Qxc3 30. bxc3 b2 0-1

[Event "Fagernes Chess GM-Swiss 2024"]
[Site "Fagernes"]
[Date "2024.03.24"]
[Round "1.42"]
[White "Haug, Havard"]
[Black "Stark, John"]
[Result "1-0"]
[ECO "B12"]
[WhiteElo "2341"]
[BlackElo "1947"]
[Annotator "RC"]
[PlyCount "74"]
[EventDate "2024.03.25"]
[EventType "swiss"]
[EventCountry "NOR"]
[SourceTitle "playchess.com"]
[Source "ChessBase"]
[SourceQuality "1"]
[TimeControl "40/6000+30:2400+30"]

1. e4 c6 2. d4 d5 3. e5 Bf5 4. h4 h5 5. Bd3 Bxd3 6. Qxd3 Qa5+ 7. Nd2 e6 8. Ngf3 Qa6 9. c4 Nh6 10. O-O Nf5 11. g3 c5 12. Qc2 Nc6 13. dxc5 dxc4 14. Qxc4 Qxc4 15. Nxc4 Bxc5 16. Kg2 O-O 17. Bg5 b5 18. Ncd2 Rfc8 19. Ne4 Ncd4 20. Rfd1 Nxf3 21. Kxf3 Bd4 22. Nd6 Bxb2 23. Rab1 Rc2 24. Nxf5 exf5 25. Rd2 Rxd2 26. Bxd2 Bxe5 27. Rxb5 Re8 28. Ra5 Bd4 29. Rxf5 g6 30. Rd5 Bb6 31. a4 Re6 32. a5 Rf6+ 33. Ke2 Re6+ 34. Kf1 Bc7 35. Rc5 Be5 36. Be3 Bxg3 37. Bd4 Bxh4 1-0

[Event "Fagernes Chess GM-Swiss 2024"]
[Site "Fagernes"]
[Date "2024.03.24"]
[Round "1.43"]
[White "Skramstad, Oda Kofoed"]
[Black "Vestby-Ellingsen, Mads"]
[Result "0-1"]
[ECO "D20"]
[WhiteElo "1945"]
[BlackElo "2336"]
[Annotator "RC"]
[PlyCount "76"]
[EventDate "2024.03.25"]
[EventType "swiss"]
[EventCountry "NOR"]
[SourceTitle "playchess.com"]
[Source "ChessBase"]
[SourceQuality "1"]
[TimeControl "40/6000+30:2400+30"]

1. d4 d5 2. c4 dxc4 3. e4 Nc6 4. Be3 e5 5. d5 Nce7 6. Nc3 Ng6 7. Bxc4 a6 8. Rc1 Bd6 9. Nge2 Nf6 10. f3 O-O 11. O-O Qe7 12. a3 Nh5 13. b4 a5 14. Nb5 axb4 15. Nxd6 Qxd6 16. Bb3 b6 17. axb4 Bd7 18. Bd2 Rfc8 19. Bc3 Bb5 20. Re1 Nh4 21. Ng3 Nf4 22. Rc2 Nd3 23. Re3 Nxb4 24. Bxb4 Qxb4 25. Rec3 c5 26. Kh1 Ra3 27. Rc1 Ba4 28. Bxa4 Rxc3 29. Rb1 Qd4 30. Ne2 Qf2 31. Qf1 Qxf1+ 32. Rxf1 Re3 33. Nc1 Ra8 34. Bc6 Ra1 35. d6 Kf8 36. Bb5 Rc3 37. d7 Ke7 38. Rd1 Kd8 0-1

[Event "Fagernes Chess GM-Swiss 2024"]
[Site "Fagernes"]
[Date "2024.03.24"]
[Round "1.44"]
[White "Lund, Gunnar"]
[Black "Aamodt, Peder Marcus"]
[Result "1/2-1/2"]
[ECO "A13"]
[WhiteElo "2335"]
[BlackElo "1941"]
[Annotator "RC"]
[PlyCount "120"]
[EventDate "2024.03.25"]
[EventType "swiss"]
[EventCountry "NOR"]
[SourceTitle "playchess.com"]
[Source "ChessBase"]
[SourceQuality "1"]
[TimeControl "40/6000+30:2400+30"]

1. c4 e6 2. Nf3 Nf6 3. g3 d5 4. Bg2 dxc4 5. Na3 Bxa3 6. bxa3 O-O 7. Qc2 b5 8. Ng5 c6 9. Bb2 Re8 10. O-O e5 11. f4 e4 12. Nxe4 Nxe4 13. Bxe4 h6 14. Bf3 Qb6+ 15. e3 Nd7 16. Rfe1 Rb8 17. d4 cxd3 18. Qxd3 c5 19. Rad1 c4 20. Qd4 Nf6 21. a4 bxa4 22. Qxb6 Rxb6 23. Bd4 Bb7 24. Be2 Rc6 25. Rb1 Ba6 26. Rec1 Ne4 27. Bf3 c3 28. Rb4 Rc4 29. Rxc4 Bxc4 30. Bxe4 Rxe4 31. a3 Re6 32. Rxc3 Rc6 33. Bxa7 Bd5 34. Bc5 f5 35. Kf2 Kf7 36. g4 Ke6 37. Kg3 fxg4 38. Kxg4 g6 39. h4 Be4 40. h5 gxh5+ 41. Kxh5 Kd5 42. Bd4 Bf3+ 43. Kh4 Rxc3 44. Bxc3 Ke4 45. Bd4 Kf5 46. Kg3 Bd5 47. Bg7 h5 48. Bf8 Be4 49. Be7 Bd5 50. Kf2 Bc4 51. Ke1 Ke4 52. Kd2 Be6 53. Ke2 Bc4+ 54. Kf2 Kf5 55. Bc5 Bd5 56. Kg3 Be4 57. Kh4 Bf3 58. Kg3 Be4 59. Kh4 Bf3 60. Kg3 Be4 1/2-1/2

[Event "Fagernes Chess GM-Swiss 2024"]
[Site "Fagernes"]
[Date "2024.03.24"]
[Round "1.45"]
[White "Juodziukynas, Aidas"]
[Black "Dushyant Sharma"]
[Result "0-1"]
[ECO "D31"]
[WhiteElo "1893"]
[BlackElo "2331"]
[Annotator "RC"]
[PlyCount "80"]
[EventDate "2024.03.25"]
[EventType "swiss"]
[EventCountry "NOR"]
[SourceTitle "playchess.com"]
[Source "ChessBase"]
[SourceQuality "1"]
[TimeControl "40/6000+30:2400+30"]

1. d4 d5 2. c4 e6 3. Nc3 c6 4. e3 Bd6 5. Nf3 f5 6. Qc2 Nf6 7. b3 O-O 8. Bb2 Ne4 9. Bd3 Nd7 10. O-O-O b5 11. cxb5 Bb7 12. Kb1 Rc8 13. Rc1 cxb5 14. Qe2 a6 15. Nd2 Qa5 16. Bxe4 dxe4 17. Rc2 Rc7 18. Rhc1 Rfc8 19. Qd1 Bb4 20. Ne2 Rxc2 21. Rxc2 Rxc2 22. Kxc2 Qxa2 23. Qa1 Qxa1 24. Bxa1 Bxd2 25. Kxd2 b4 26. Kc2 Bd5 27. Ng3 Nb8 28. Nf1 Nc6 29. Nd2 Na5 30. f3 Kf7 31. Bb2 Kg6 32. Ba1 Kg5 33. Bb2 h5 34. fxe4 fxe4 35. Bc1 Kg4 36. Bb2 h4 37. Bc1 h3 38. g3 g6 39. Kb2 Nxb3 40. Nxb3 Kf3 0-1

[Event "Fagernes Chess GM-Swiss 2024"]
[Site "Fagernes"]
[Date "2024.03.24"]
[Round "1.46"]
[White "Nordahl, Helge"]
[Black "Lien, Sebastian"]
[Result "1-0"]
[ECO "D63"]
[WhiteElo "2330"]
[BlackElo "1885"]
[Annotator "RC"]
[PlyCount "81"]
[EventDate "2024.03.25"]
[EventType "swiss"]
[EventCountry "NOR"]
[SourceTitle "playchess.com"]
[Source "ChessBase"]
[SourceQuality "1"]
[TimeControl "40/6000+30:2400+30"]

1. d4 Nf6 2. c4 e6 3. Nf3 d5 4. Nc3 Be7 5. Bg5 O-O 6. e3 Nbd7 7. Rc1 c6 8. a3 a5 9. Bd3 Re8 10. O-O h6 11. Bf4 Nh5 12. cxd5 Nxf4 13. dxc6 Nh3+ 14. gxh3 bxc6 15. Ne4 Bb7 16. Qe2 Bf8 17. Rfd1 Qb6 18. Ne5 Nxe5 19. dxe5 c5 20. Ng3 g6 21. Be4 Rab8 22. Rd7 Bc8 23. Rd2 Bg7 24. f4 Ba6 25. Bd3 Bxd3 26. Rxd3 Rec8 27. b3 Qc6 28. Qg2 Qb5 29. Qc2 Rd8 30. Rcd1 Rdc8 31. Ne4 c4 32. Rc3 Qb6 33. bxc4 g5 34. c5 Qc7 35. c6 Qb6 36. c7 Rxc7 37. Rxc7 Qxe3+ 38. Kg2 gxf4 39. Nf6+ Bxf6 40. exf6 f3+ 41. Kh1 1-0

[Event "Fagernes Chess GM-Swiss 2024"]
[Site "Fagernes"]
[Date "2024.03.24"]
[Round "1.47"]
[White "Elsness, Fredrik Valstad"]
[Black "Kistrup, Nicolai"]
[Result "0-1"]
[ECO "C56"]
[WhiteElo "1873"]
[BlackElo "2324"]
[Annotator "RC"]
[PlyCount "64"]
[EventDate "2024.03.25"]
[EventType "swiss"]
[EventCountry "NOR"]
[SourceTitle "playchess.com"]
[Source "ChessBase"]
[SourceQuality "1"]
[TimeControl "40/6000+30:2400+30"]

1. e4 e5 2. Nf3 Nc6 3. Bc4 Nf6 4. d4 exd4 5. e5 d5 6. Bb5 Ne4 7. Nxd4 Bd7 8. Bxc6 bxc6 9. O-O Bc5 10. f3 Ng5 11. f4 Ne4 12. Be3 Qb8 13. Nd2 Qxb2 14. Nxe4 dxe4 15. Qd2 Qb4 16. Qf2 Qc3 17. Rae1 Bb6 18. f5 c5 19. Nb3 Bb5 20. Bd2 Qxc2 21. f6 g6 22. Rc1 Qxa2 23. Qe3 Bxf1 24. Qxe4 O-O 25. Qf4 Kh8 26. Qh6 Rg8 27. Rc3 Bd3 28. e6 c4+ 29. Kh1 cxb3 30. exf7 b2 31. fxg8=R+ Rxg8 32. f7 Qxf7 0-1

[Event "Fagernes Chess GM-Swiss 2024"]
[Site "Fagernes"]
[Date "2024.03.24"]
[Round "1.48"]
[White "Hedman, Erik"]
[Black "Stai, Sondre"]
[Result "1/2-1/2"]
[ECO "B40"]
[WhiteElo "2311"]
[BlackElo "1842"]
[Annotator "RC"]
[PlyCount "125"]
[EventDate "2024.03.25"]
[EventType "swiss"]
[EventCountry "NOR"]
[SourceTitle "playchess.com"]
[Source "ChessBase"]
[SourceQuality "1"]
[TimeControl "40/6000+30:2400+30"]

1. e4 c5 2. Nf3 e6 3. b3 Nc6 4. Bb2 d6 5. Bb5 e5 6. O-O Be7 7. b4 Qb6 8. Nc3 Nf6 9. bxc5 Qxc5 10. d4 exd4 11. Nd5 Nxd5 12. Bxc6+ Qxc6 13. exd5 Qxd5 14. Re1 Be6 15. Nxd4 O-O 16. Nxe6 Qxd1 17. Raxd1 fxe6 18. Rxe6 Rf7 19. Ba3 Rc8 20. Rd2 Rc3 21. Bb4 Rc4 22. a3 h6 23. g3 a5 24. Bxa5 d5 25. Bb4 Bxb4 26. axb4 Rxb4 27. Rxd5 Rc4 28. Re2 Rc3 29. h4 Rfc7 30. Rdd2 Kf7 31. Kf1 b5 32. Rd5 Rxc2 33. Rxc2 Rxc2 34. Rxb5 Kf6 35. h5 Ra2 36. Kg2 Ra1 37. f4 Ra2+ 38. Kh3 Ra6 39. Kg4 Rc6 40. Rb7 Rc5 41. Rb6+ Kf7 42. Rd6 Rb5 43. Rg6 Rc5 44. f5 Rc4+ 45. Kh3 Rc5 46. g4 Rc3+ 47. Kg2 Rc2+ 48. Kf3 Rc1 49. Ke2 Rc2+ 50. Ke3 Rc4 51. f6 gxf6 52. Kf3 Rc3+ 53. Kf4 Rc4+ 54. Kg3 Rc3+ 55. Kh4 Rc4 56. Rxh6 f5 57. Rg6 Rxg4+ 58. Rxg4 fxg4 59. Kxg4 Kg8 60. Kg5 Kh7 61. h6 Kg8 62. Kg6 Kh8 63. h7 1/2-1/2

[Event "Fagernes Chess GM-Swiss 2024"]
[Site "Fagernes"]
[Date "2024.03.24"]
[Round "1.49"]
[White "Avetisyan, Ani"]
[Black "Vagman, Roy"]
[Result "0-1"]
[ECO "A41"]
[WhiteElo "1840"]
[BlackElo "2311"]
[Annotator "RC"]
[PlyCount "88"]
[EventDate "2024.03.25"]
[EventType "swiss"]
[EventCountry "NOR"]
[SourceTitle "playchess.com"]
[Source "ChessBase"]
[SourceQuality "1"]
[TimeControl "40/6000+30:2400+30"]

1. d4 d6 2. Nf3 Bg4 3. c4 c6 4. Nc3 Nd7 5. g3 e5 6. Bg2 Ngf6 7. O-O Qb6 8. c5 Qc7 9. cxd6 Bxd6 10. Be3 O-O 11. Rc1 Bxf3 12. Bxf3 exd4 13. Bxd4 Be5 14. Qa4 Bxd4 15. Qxd4 Ne5 16. Qf4 Nxf3+ 17. Qxf3 Qe5 18. Rfd1 Rfe8 19. Kg2 h5 20. h4 Re6 21. Rd3 Ng4 22. Rcd1 Rae8 23. Qf4 Rf6 24. Qxe5 Rxf2+ 25. Kg1 Rxe5 26. Rd4 Ref5 27. Rd8+ Kh7 28. Re8 Kg6 29. Ne4 Rxe2 30. Rd6+ f6 31. Nxf6 Rxe8 32. Nxe8+ Kf7 33. Rd8 Re5 34. Nxg7 Kxg7 35. Rd7+ Kg6 36. Rxb7 Rb5 37. Rxa7 Rxb2 38. Ra6 Ne5 39. Kf1 Kf5 40. Ra8 c5 41. Ke1 c4 42. Kd1 c3 43. Rc8 Rd2+ 44. Kc1 Nd3+ 0-1